 Dungeon Crawl Stone Soup version 0.29.1-13-g9f3cf754e1 (webtiles) character file.

Game seed: 6958270997390453969

469 H0rd4k the Insei (level 7, -1/47 HPs)
             Began as an Octopode Artificer on Jan 25, 2023.
             Killed from afar by a white imp (13 damage)
             ... with a puff of frost
             ... on level 5 of the Dungeon.
             The game lasted 00:03:42 (4883 turns).

H0rd4k the Insei (Octopode Artificer)               Turns: 4883, Time: 00:03:43

Health: -1/47      AC:  1    Str: 12    XL:     7   Next: 9%
Magic:  11/11      EV: 13    Int: 15    God:
Gold:   283        SH:  0    Dex: 12    Spells: 12/12 levels left

rFire   + . .      SeeInvis +     - Unarmed
rCold   x . .      Faith    .   (no shield)
rNeg    . . .      Spirit   .   (helmet restricted)
rPois   .          Reflect  .   (no amulet)
rElec   .          Harm     .   a - ring of see invisible
rCorr   .          Rampage  .   k - ring of fire
Will    .....                   (no ring)
Stlth   +++.......              (no ring)
HPRegen 0.15/turn               (no ring)
MPRegen 0.12/turn               (no ring)
                                (no ring)
                                (no ring)

@: no status effects
A: almost no armour, amphibious, 8 rings, camouflage 1, gelatinous body 1,
(nimble swimmer 1), tentacles
a: no special abilities


You were on level 5 of the Dungeon.
You visited 1 branch of the dungeon, and saw 5 of its levels.

You collected 283 gold pieces.

Inventory:

Missiles
 f - 13 poisoned darts
Jewellery
 a - a ring of see invisible (left tentacle)
 k - a ring of fire (right tentacle)
Wands
 c - a wand of charming (6)
 d - a wand of iceblast (4)
Scrolls
 e - a scroll of immolation {unknown}
 g - 3 scrolls of fear {unknown}
 h - 2 scrolls of vulnerability {unknown}
 j - 2 scrolls of enchant armour {unknown}
 l - a scroll of noise {unknown}
 m - a scroll of butterflies {unknown}
 o - a scroll of identify {unknown}
 p - a scroll of teleportation {unknown}
Potions
 i - 4 potions of degeneration {unknown}
 n - a potion of brilliance {unknown}
 q - a potion of lignification {unknown}
 r - a potion of heal wounds {unknown}
 s - 3 potions of curing {unknown}
 t - a potion of attraction {unknown}


   Skills:
 * Level 3.7 Fighting
 - Level 2.3 Dodging
 - Level 1.3 Stealth
 + Level 4.6 Unarmed Combat
 * Level 3.0 Spellcasting
 - Level 3.2 Evocations


You had 12 spell levels left.
You didn't know any spells.
Your spell library contained the following spells:

 Spells                   Type           Power      Damage    Failure   Level
 Apportation              Tloc           4%         N/A       21%         1
 Freeze                   Ice            8%         1d3       21%         1
 Necrotise                Necr           8%         1d4       21%         1
 Slow                     Hex            8%         N/A       21%         1
 Summon Small Mammal      Summ           8%         N/A       21%         1
 Ensorcelled Hibernation  Hex/Ice        4%         N/A       30%         2
 Passwall                 Tmut/Erth      1%         N/A       30%         2
 Confusing Touch          Hex            2%         N/A       52%         3
 Frozen Ramparts          Ice            4%         1d1       52%         3
 Ozocubu's Armour         Ice            2%         N/A       52%         3
 Swiftness                Air            2%         N/A       52%         3
 Vampiric Draining        Necr           2%         2d6       52%         3
 Hailstorm                Conj/Ice       2%         3d3       89%         4
 Metabolic Englaciation   Hex/Ice        1%         N/A       99%         5
 Simulacrum               Ice/Necr       1%         N/A       100%        6


Dungeon Overview and Level Annotations

Branches:
Dungeon (5/15)
 Temple: D:4-7

Altars:
Elyvilon
Okawaru
Qazlal
Ru

Shops:
D:3 (

Annotations:
D:3 Grinder
D:4 exclusion: phantom


Innate Abilities, Weirdness & Mutations

You cannot wear most types of armour.
You are amphibious.
You can wear up to eight rings at the same time.
Your skin changes colour to match your surroundings (Stealth+).
Your rubbery body absorbs attacks. (AC +1, EV +1)
((You are camouflaged when in or above water. (Stealth+)))
You have tentacles for arms and can constrict up to eight enemies at once.


Message History

You now have 275 gold pieces (gained 10).
You now have 283 gold pieces (gained 8).
Found a chain mail.
A white imp comes into view.
A white imp is nearby!
A white imp is nearby!
You see here a glowing yellow potion.
The white imp shouts!
The white imp gestures at you. The puff of frost hits you!
You feel a terrible chill!
You tentacle-slap the white imp. Your grab misses the white imp.
You squeeze the white imp, but do no damage.
The white imp is lightly wounded.
The white imp hits you. The white imp freezes you!
You feel a terrible chill!
A jelly comes into view.
You tentacle-slap the white imp. Your grab misses the white imp.
The white imp is moderately wounded.
The white imp gestures at you. The puff of frost hits you!
You feel a terrible chill!
You are too injured to fight recklessly!
You are too injured to fight recklessly!
You are too injured to fight recklessly!
You are too injured to fight recklessly!
There are monsters nearby!
There are monsters nearby!
You tentacle-slap the white imp but do no damage.
Your grab misses the white imp.
The white imp is moderately wounded.
The white imp closely misses you. The white imp gestures at you.
The puff of frost hits you.
You feel a terrible chill!
* * * LOW HITPOINT WARNING * * *
The white imp misses you.
Aiming: Charm
Press: ? - help, Shift-Dir - straight line, f - white imp
Aim: a white imp (moderately wounded, chance to affect: 66%)
The white imp struggles to resist.
The white imp gestures at you. The puff of frost hits you!
You feel a terrible chill!
You die...

#########......
#..........####
#..........#
#..........#
#####[.........#
...............# .##
..............#
.....#####..........#
.....J5@..!.........#
.....#####..........#
... ############ .


You could see a jelly and a white imp.

Vanquished Creatures
  2 phantoms (D:4)
  A jelly (D:5)
  An orc priest (D:4)
  2 hounds (D:4)
  An iguana (D:5)
  Natasha (twice) (D:2)
  7 adders
  A worm (D:3)
  6 orcs
  4 bats
  7 endoplasms
  5 giant cockroaches
  3 goblins (D:4)
  8 hobgoblins
  3 jackals (D:4)
  A quokka (D:1)
  4 ball pythons
  6 frilled lizards
  5 kobolds
  2 rats
71 creatures vanquished.

Vanquished Creatures (collateral kills)
  A dart slug (D:1)
  A hobgoblin (D:1)
  A kobold (D:4)
  A goblin (D:4)
4 creatures vanquished.

Vanquished Creatures (others)
  An endoplasm (D:1)
  A goblin (D:1)
  A ball python (D:1)
3 creatures vanquished.

Grand Total: 78 creatures vanquished

Notes
Turn   | Place    | Note
-------+----------+-------------------------------------------
     0 | D:1      | H0rd4k the Octopode Artificer began the quest for the Orb.
     0 | D:1      | Reached XP level 1. HP: 13/13 MP: 1/1
   233 | D:1      | Reached XP level 2. HP: 17/18 MP: 3/3
   346 | D:1      | Reached skill level 1 in Spellcasting
   939 | D:1      | Reached XP level 3. HP: 21/24 MP: 4/4
  1439 | D:2      | Reached skill level 1 in Unarmed Combat
  1451 | D:2      | Noticed Natasha
  1540 | D:2      | Killed Natasha
  1541 | D:2      | Reached XP level 4. HP: 30/30 MP: 6/6
  1875 | D:2      | Noticed Natasha
  1882 | D:2      | Killed Natasha
  1883 | D:2      | Reached skill level 2 in Unarmed Combat
  2190 | D:3      | Reached XP level 5. HP: 33/35 MP: 8/8
  2474 | D:3      | Found Hofoo's Antique Weapon Shop.
  2685 | D:3      | Noticed Grinder
  2840 | D:4      | Noticed a phantom
  2876 | D:4      | Noticed a phantom
  2980 | D:4      | Killed a phantom
  2981 | D:4      | Reached skill level 3 in Unarmed Combat
  3280 | D:4      | Found a sacrificial altar of Ru.
  3280 | D:4      | Found a stormy altar of Qazlal.
  3282 | D:4      | Found an iron altar of Okawaru.
  3371 | D:4      | Found a white marble altar of Elyvilon.
  3525 | D:4      | Reached XP level 6. HP: 42/42 MP: 9/9
  4242 | D:4      | Reached skill level 4 in Unarmed Combat
  4685 | D:5      | Entered Level 5 of the Dungeon
  4780 | D:5      | Reached XP level 7. HP: 39/47 MP: 11/11
  4883 | D:5      | Killed from afar by a white imp

Illustrated notes

Levels and vault maps discovered:
D:1:      amcnicky_arrival_choice, layout_basic
D:2:      layout_loops_ring, serial_aquarium, aquarium_bridge_square
          [aquarium_subvault_wall, aquarium_subvault_bridge,
          aquarium_subvault_bridge, aquarium_subvault_bridge],
          aquarium_bridge_square [aquarium_subvault_bridge,
          aquarium_subvault_window, aquarium_subvault_window,
          aquarium_subvault_balcony], aquarium_window_1, aquarium_window_fake,
          aquarium_view_2g, aquarium_balcony_5b, kennysheep_generic_room_12,
          uniq_natasha
D:3:      layout_basic, serial_shops, shop, dreamdust_wishing_well, uniq_grinder
D:4:      layout_loops_ring, chequers_temple_overflow_statue_of_worship,
          lemuel_doored_altar
D:5:      layout_basic, minmay_temple_entry_mist, fountainhead, uniq_menkaure

Skill      XL: |  1  2  3  4  5  6 |
---------------+-------------------+-----
Spellcasting   | 1 2 3 |  3.0
Fighting       | 2 3 |  3.7
Unarmed Combat | 1 2 3 4 |  4.6
Dodging        | |  2.3
Stealth        | |  1.3
Evocations     | |  3.2

Action                   |  1- 3 |  4- 6 |  7- 9 || total
-------------------------+-------+-------+-------++-------
Melee: Unarmed           |    61 |   135 |     7 ||   203
       Constrict         |    14 |    26 |     1 ||    41
       Tentacles         |    12 |    26 |     3 ||    41
       Punch             |       |     7 |       ||     7
Evoke: Wand              |    10 |    14 |     1 ||    25
 Stab: Sleeping          |    10 |    11 |       ||    21
       Distracted        |       |       |     1 ||     1
Armor: Skin              |     5 |     9 |       ||    14
Dodge: Dodged            |    48 |    64 |     5 ||   117
